 Dungeon Crawl Stone Soup version 0.31-a0-700-gf13585253f (webtiles) character file.

Game seed: 11355601870260017896

98 qw the Shooter (level 4, -1/28 HPs)
             Began as a Gargoyle Hunter on Sept 7, 2023.
             Slain by a goblin
             ... wielding a +0 club
             ... led by Robin
              (6 damage)
             ... on level 3 of the Dungeon.
             The game lasted 00:00:44 (1990 turns).

qw the Shooter (Gargoyle Hunter)                    Turns: 1990, Time: 00:00:44

Health: -1/28      AC:  6    Str: 14    XL:     4   Next: 71%
Magic:  4/4        EV: 11    Int: 10    God:
Gold:   43         SH:  0    Dex: 15    Spells: 3/3 levels left

rFire   . . .        Y - +0 shortbow
rCold   . . .        (shield currently unavailable)
rNeg    + . .        c - +0 leather armour
rPois   inf          (no helmet)
rElec   +            (no cloak)
rCorr   .            (no gloves)
SInv    .            (no boots)
Will    .....        (no amulet)
Stlth   ++           (no ring)
HPRegen 0.24/turn    (no ring)
MPRegen 0.09/turn

%: no passive effects
@: no status effects
A: sickness immunity, AC +3, negative energy resistance 1, electricity
resistance, torment resistance 1, petrification resistance
a: no special abilities


You were on level 3 of the Dungeon.
You visited 1 branch of the dungeon, and saw 3 of its levels.

You collected 43 gold pieces.


Innate Abilities, Weirdness & Mutations

You are immune to sickness and miasma.
Your stone body is resilient. (AC +3)
You are immune to poison.
You resist negative energy. (rN+)
You are resistant to electric shocks. (rElec)
You are resistant to unholy torment.
You are immune to petrification.


   Skills:
 - Level 3.0 Fighting
 + Level 5.6 Ranged Weapons
 - Level 1.5 Dodging
 - Level 1.1 Stealth


You had 3 spell levels left.
You didn't know any spells.
Your spell library was empty.

Inventory:

Hand Weapons
 Y - a +0 shortbow (weapon)
Armour
 c - a +0 leather armour (worn)
Scrolls
 a - a scroll of identify
Potions
 b - a potion of heal wounds {unknown}
 e - a potion of might
 g - a potion of resistance {unknown}

Dungeon Overview and Level Annotations

Branches:
Dungeon (3/15)

Altars:
Xom

Shops:
D:1 :

Annotations:
D:3 Robin


Message History

You kill the goblin!
A goblin comes into view. It is wielding a +0 club.
A hobgoblin comes into view.
The goblin hits you but does no damage.
The goblin shoots a sling bullet.
The sling bullet hits you but does no damage.
You shoot an arrow. The arrow hits the goblin.
The goblin is severely wounded.
A goblin comes into view. It is wielding a +0 dagger.
The goblin closely misses you.
The goblin shoots a sling bullet.
The sling bullet hits you but does no damage.
You shoot an arrow. The arrow hits the goblin!
You kill the goblin!
Robin throws the goblin at you! The goblin barely misses you.
The goblin shoots a sling bullet.
The sling bullet hits you but does no damage.
You shoot an arrow. The arrow hits the goblin.
The goblin is severely wounded.
Robin throws the goblin at you! The goblin hits you but does no damage.
The goblin closely misses you.
The goblin shoots a sling bullet.
The sling bullet hits you but does no damage.
You shoot an arrow. The arrow barely misses the goblin.
Robin roars a battlecry!
The goblin goes into a battle-frenzy!
The goblin closely misses you. The goblin hits you but does no damage.
Robin throws the goblin at you! The goblin misses you.
The goblin barely misses you. The goblin misses you.
You shoot an arrow. The arrow closely misses the goblin.
The goblin barely misses you. The goblin hits you with a +0 club.
The goblin hits you with a +0 dagger.
The goblin unwields a +0 sling.
The goblin wields a +0 club.
The goblin hits you with a +0 club.
You shoot an arrow. The arrow hits the goblin!
You kill the goblin!
The goblin misses you. The goblin barely misses you.
You shoot an arrow. The arrow barely misses the goblin.
The arrow hits Robin.
Robin is moderately wounded.
The goblin misses you. The goblin barely misses you.
The goblin hits you with a +0 club.
You shoot an arrow. The arrow closely misses the goblin.
The goblin hits you with a +0 club.
You die...

*.#******,*,*****,*****,***, *.#
*,...****,*,,,,,,,,,
######.####***,g..,,,,,*,***,**,,
...........,,,,ggg,,,,,*,***,,,,,
..####..7777.,,#g#******,,,,,,,,,
.............,*#g# *****,,,,,
#.........#****#.# ***,**
#(###.###.# ##g## *,* #.# #.# #.#
##.@g## *,* #.###.###.# ##.gg).##
*** *,* #.#....##.###.......#*
**,***,*
#.#.#...#.##.........#***,,,**,*
...........'.........+,,,,,,,*,*
#........^##.........#***,,,**,*
###.##.######.......## **,*,,,*
#.*### ##.....## ***,*** #.*
##(..## *,*


You could see Robin, 2 hobgoblins and 7 goblins.

Vanquished Creatures
  A gnoll (D:1)
  3 adders
  A dart slug (D:2)
  7 ball pythons
  5 bats
  6 endoplasms
  2 giant cockroaches (D:1)
  8 goblins
  4 hobgoblins
  5 kobolds
  2 quokkas (D:2)
  4 frilled lizards
  5 rats
53 creatures vanquished.

Notes
Turn   | Place    | Note
-------+----------+-------------------------------------------
     0 | D:1      | qw the Gargoyle Hunter began the quest for the Orb.
     0 | D:1      | Reached XP level 1. HP: 12/12 MP: 1/1
     0 | D:1      | 0 ||| qw: Version: 0.3-a-76-g4403597
     0 | D:1      | 0 ||| qw: Game counter: 529
     0 | D:1      | 0 ||| qw: Melee chars always use a shield: true
     0 | D:1      | 0 ||| qw: God list: Okawaru
     0 | D:1      | 0 ||| qw: Allow faded altars: false
     0 | D:1      | 0 ||| qw: Do Orc after clearing Dungeon:15 true
     0 | D:1      | 0 ||| qw: Do second Lair branch before Depths: true
     0 | D:1      | 0 ||| qw: Lair rune preference: random
     0 | D:1      | 0 ||| qw: Goals: Normal
     0 | D:1      | 0 ||| PLANNING D:1-11
   112 | D:1      | Reached XP level 2. HP: 17/17 MP: 2/2
   146 | D:1      | Found Kuvar's Book Emporium.
   624 | D:1      | Reached XP level 3. HP: 20/21 MP: 3/3
   652 | D:1      | Reached skill level 5 in Ranged Weapons
   765 | D:1      | 765 ||| DROPPING ring of flight.
   766 | D:1      | 766 ||| READING scroll labelled HATAPPESIA.
   767 | D:1      | 767 ||| READING scroll labelled KAMUAC JEILIE.
   768 | D:1      | 768 ||| DRINKING 2 purple potions.
   769 | D:1      | 769 ||| DROPPING scroll of butterflies.
  1056 | D:2      | Reached skill level 3 in Fighting
  1194 | D:2      | Reached XP level 4. HP: 28/28 MP: 4/4
  1291 | D:2      | You fall into a shaft and drop 1 floor!
  1445 | D:3      | 1445 ||| READING scroll labelled ORPHIO ORGHOULOD.
  1449 | D:3      | 1449 ||| FLEEEEING.
  1450 | D:3      | 1450 ||| FLEEEEING.
  1451 | D:3      | 1451 ||| FLEEEEING.
  1453 | D:3      | 1453 ||| STAIRDANCE
  1780 | D:3      | 1780 ||| FLEEEEING.
  1781 | D:3      | 1781 ||| FLEEEEING.
  1785 | D:3      | 1785 ||| STAIRDANCE
  1821 | D:3      | Found a shimmering altar of Xom.
  1979 | D:3      | Noticed Robin
  1989 | D:3      | HP: 5/28 [goblin/+0 club[Robin] (6)]
  1990 | D:3      | Slain by a goblin

Levels and vault maps discovered:
D:1:      dpeg_cavernosity, layout_basic, serial_shops, shop
D:2:      layout_loops_ring, kennysheep_generic_room_8
D:3:      layout_loops_corners, mainiacjoe_overflow_boulevard, tso_oasis_becter,
          uniq_robin

Skill      XL: |  1  2  3 |
---------------+----------+-----
Ranged Weapons | 5 |  5.6
Fighting       | 3 |  3.0
Dodging        | |  1.5
Stealth        | |  1.1

Action                     |  1- 3 |  4- 6 || total
---------------------------+-------+-------++-------
   Fire: Shortbow          |   101 |    72 ||   173
    Use: Scroll            |     2 |     1 ||     3
         Potion            |     1 |       ||     1
 Armour: Leather armour    |    34 |    36 ||    70
  Dodge: Dodged            |    29 |    42 ||    71

Table legend:
 A = Non-vault XP
 B = Vault XP
 C = Vault XP percentage of total XP
 D = Non-vault monster count
 E = Vault monster count
 F = Vault count percentage of total count
                 A         B        C        D         E       F
            +---------+---------+-------+---------+---------+-------
      Total |     122 |      19 |  13.5 |      44 |       9 |  17.0
            +---------+---------+-------+---------+---------+-------
        D:1 |      31 |       8 |  20.5 |      11 |       4 |  26.7
        D:2 |      62 |       6 |   8.8 |      23 |       2 |   8.0
        D:3 |      29 |       5 |  14.7 |      10 |       3 |  23.1
            +---------+---------+-------+---------+---------+-------
